Panthers vs Bruins

Created - April 13 2011 at 17:26

Goals
1 2 3 T
Panthers 0 0 0 0
Bruins 1 3 0 4
Shots
1 2 3 T
Panthers 2 10 8 20
Bruins 11 9 5 25

Period #1

1. Bruins , Rick Nash 2 (Dustin Brown, Zdeno Chara) at 8:06

Penalties :
Rick Nash (BOS) for Holding (Minor) at 0:14, Brad Stuart (FLA) for Roughing (Minor) at 9:01, Gregory Campbell (BOS) for Roughing (Minor) at 11:01

Period #2

2. Bruins , Rich Peverley 1 (Dustin Brown, Henrik Zetterberg) at 9:13
3. Bruins , Nathan Horton 1 (Rick Nash, Zdeno Chara) at 11:05 (PP)
4. Bruins , Milan Lucic 1 (Jordan Leopold, Chris Kelly) at 18:26

Penalties :
Toni Lydman (BOS) for High sticking (Minor) at 0:28, Dustin Brown (BOS) for Hooking (Minor) at 6:57, Paul Gaustad (FLA) for Tripping (Minor) at 9:14, Greg Zanon (FLA) for Hooking (Minor) at 9:36, Toni Lydman (BOS) for Boarding (Minor) at 11:57

Period #3

No Goal

Penalties :
Paul Gaustad (FLA) for Holding (Minor) at 5:06, Brad Stuart (FLA) for Boarding (Minor) at 12:28

Goalie Stats

Marty Turco (FLA), 21 saves from 25 shots - (0.840), L, 1-1-0, 60:00 minutes
Cam Ward (BOS), 20 saves from 20 shots - (1.000), W, 1-1-0, 60:00 minutes

Players Stats

Panthers
Player Name              G  A  P  +/- PIM S  H  SB FO    MP 
------------------------------------------------------------
Andrew Brunette          0  0  0  -1  0   5  0  0  1/1   17 
Blake Wheeler            0  0  0  -1  0   1  1  0  0/2   17 
Brad Stuart              0  0  0  -1  4   0  1  0  0/0   20 
Brian Rafalski           0  0  0   0  0   1  0  3  0/0   21 
Chad Larose              0  0  0  -1  0   1  0  0  1/1   7  
Christopher Higgins      0  0  0  -1  0   0  1  0  0/0   15 
Claude Giroux            0  0  0  -1  0   1  1  0  0/0   16 
Craig Rivet              0  0  0   0  0   0  3  1  0/0   15 
Frans Nielsen            0  0  0  -1  0   1  1  0  13/23 19 
Greg Zanon               0  0  0  -1  2   1  3  0  0/0   16 
Joel Ward                0  0  0  -1  0   0  0  0  0/0   10 
Marc-Andre Bergeron      0  0  0  -1  0   0  0  1  0/0   17 
Maxim Afinogenov         0  0  0   0  0   1  0  1  2/4   21 
Maxim Lapierre           0  0  0   0  0   0  0  0  0/1   0  
Mike Fisher              0  0  0   0  0   2  3  1  14/26 21 
Mike Mottau              0  0  0  -3  0   0  0  1  0/0   21 
Paul Gaustad             0  0  0  -2  4   3  0  0  8/16  16 
Ryan Smyth               0  0  0   0  0   3  0  0  0/0   19 
Bruins
Player Name              G  A  P  +/- PIM S  H  SB FO    MP 
------------------------------------------------------------
Brad Marchand            0  0  0   1  0   0  0  0  7/14  20 
Chris Kelly              0  1  1   1  0   0  0  1  7/14  15 
Dan Hamhuis              0  0  0   1  0   0  0  1  0/0   23 
David Krejci             0  0  0   0  0   1  0  0  5/14  12 
Dennis Seidenberg        0  0  0   1  0   2  0  0  0/0   22 
Dustin Brown             0  2  2   2  2   5  3  0  4/6   21 
Gregory Campbell         0  0  0   0  2   0  0  0  0/0   4  
Henrik Zetterberg        0  1  1   1  0   2  1  0  8/18  18 
Jordan Leopold           0  1  1   2  0   0  0  0  0/0   17 
Mark Recchi              0  0  0   1  0   0  0  0  1/1   10 
Milan Lucic              1  0  1   1  0   1  1  0  1/2   12 
Nathan Horton            1  0  1   0  0   5  3  0  0/1   16 
Patrice Bergeron         0  0  0   0  0   0  1  0  0/0   1  
Rich Peverley            1  0  1   1  0   3  0  0  2/4   22 
Rick Nash                1  1  2   1  2   5  2  0  0/0   22 
Tom Gilbert              0  0  0   1  0   0  0  0  0/0   12 
Toni Lydman              0  0  0   0  4   0  3  2  0/0   18 
Zdeno Chara              0  2  2   1  0   1  3  1  0/0   24 

3 Stars

1 - Cam Ward (BOS)
2 - Zdeno Chara (BOS)
3 - Rick Nash (BOS)

Power Play

Panthers - 0 on 5 Attempt(s) - 0.00%
Bruins - 1 on 5 Attempt(s) - 20.00%

Penalty Kill

Panthers - 4 on 5 Attempt(s) - 80.00% - Score 0 goal in Penalty Kill
Bruins - 5 on 5 Attempt(s) - 100.00% - Score 0 goal in Penalty Kill

Game Notes

No Game Note

Finance

Level 1 -- Attendance: 6500 (100.00%) -- Ticket Income $487,500.00
Level 2 -- Attendance: 5000 (100.00%) -- Ticket Income $250,000.00
Level 3 -- Attendance: 3500 (100.00%) -- Ticket Income $105,000.00
Level 4 -- Attendance: 1565 (100.00%) -- Ticket Income $31,300.00
Luxury Box -- Attendance: 1000 (100.00%) -- Ticket Income $150,000.00
Game was played at the TD Garden
Total Attendance: 17565 (100.00%)
Total Ticket Income: $1,100,150.00
Other Income: $330,044.85
Total Income: $1,430,195.00


Play by Play

Period #1

0:01 of 1st period - Mike Fisher wins face-off versus David Krejci in neutral zone.
0:10 of 1st period - Brian Rafalski is hit by Rick Nash and loses puck.
0:14 of 1st period - Minor Penalty to Rick Nash for Holding.
0:15 of 1st period - Frans Nielsen wins face-off versus Brad Marchand in Bruins zone.
0:46 of 1st period - Shot by Brian Rafalski.
0:46 of 1st period - Deflect By Andrew Brunette.
0:46 of 1st period - Shot Blocked by Toni Lydman.
0:52 of 1st period - Mike Mottau is hit by Dustin Brown and loses puck.
1:05 of 1st period - Zdeno Chara is hit by Blake Wheeler and loses puck.
1:49 of 1st period - Icing by Mike Fisher.
1:50 of 1st period - Rich Peverley wins face-off versus Mike Fisher in Panthers zone.
3:37 of 1st period - Icing by Brad Stuart.
3:38 of 1st period - Mike Fisher wins face-off versus Milan Lucic in Panthers zone.
3:51 of 1st period - Shot by Milan Lucic.
3:51 of 1st period - Shot Misses the Net.
3:55 of 1st period - Shot by Nathan Horton.
3:55 of 1st period - Shot Misses the Net.
3:57 of 1st period - Shot by Chris Kelly.
3:57 of 1st period - Shot Misses the Net.
3:59 of 1st period - Shot by Nathan Horton.
3:59 of 1st period - Shot Misses the Net.
5:20 of 1st period - Dennis Seidenberg is hit by Claude Giroux and loses puck.
5:33 of 1st period - Craig Rivet is hit by Nathan Horton and loses puck.
7:36 of 1st period - Shot by Rick Nash.
7:36 of 1st period - Shot Misses the Net.
7:38 of 1st period - Shot by Rick Nash.
7:38 of 1st period - Shot Misses the Net.
8:04 of 1st period - Shot by Dustin Brown.
8:04 of 1st period - Shot Misses the Net.
8:06 of 1st period - Shot by Rick Nash.
8:06 of 1st period - Goal by Rick Nash - Panthers : 0 - Bruins : 1.
8:07 of 1st period - Chris Kelly wins face-off versus Frans Nielsen in neutral zone.
8:33 of 1st period - Shot by Milan Lucic.
8:33 of 1st period - Shot Blocked by Mike Fisher.
8:53 of 1st period - Rick Nash is hit by Greg Zanon.
8:57 of 1st period - Shot by Rick Nash.
8:57 of 1st period - Stopped by Marty Turco without a rebound.
8:58 of 1st period - Dustin Brown wins face-off versus Maxim Lapierre in Panthers zone.
9:01 of 1st period - Minor Penalty to Brad Stuart for Roughing.
9:02 of 1st period - Maxim Afinogenov wins face-off versus Dustin Brown in Panthers zone.
9:17 of 1st period - Shot by Dustin Brown.
9:17 of 1st period - Shot Misses the Net.
9:19 of 1st period - Shot by David Krejci.
9:19 of 1st period - Shot Blocked by Brian Rafalski.
9:21 of 1st period - Shot by Dennis Seidenberg.
9:21 of 1st period - Stopped by Marty Turco without a rebound.
9:22 of 1st period - Henrik Zetterberg wins face-off versus Maxim Afinogenov in Panthers zone.
9:23 of 1st period - Shot by Zdeno Chara.
9:23 of 1st period - Stopped by Marty Turco without a rebound.
9:24 of 1st period - Henrik Zetterberg wins face-off versus Maxim Afinogenov in Panthers zone.
9:36 of 1st period - Shot by Henrik Zetterberg.
9:36 of 1st period - Deflect By Rick Nash.
9:36 of 1st period - Shot Blocked by Brian Rafalski.
10:46 of 1st period - Shot by Rich Peverley.
10:46 of 1st period - Stopped by Marty Turco with a rebound.
10:48 of 1st period - Shot by Dennis Seidenberg.
10:48 of 1st period - Shot Misses the Net.
10:52 of 1st period - Shot by David Krejci.
10:52 of 1st period - Shot Blocked by Maxim Afinogenov.
10:56 of 1st period - Shot by David Krejci.
10:56 of 1st period - Stopped by Marty Turco without a rebound.
10:57 of 1st period - David Krejci wins face-off versus Mike Fisher in Panthers zone.
11:01 of 1st period - Minor Penalty to Gregory Campbell for Roughing.
11:02 of 1st period - Frans Nielsen wins face-off versus Brad Marchand in Bruins zone.
11:47 of 1st period - Shot by Ryan Smyth.
11:47 of 1st period - Stopped by Cam Ward without a rebound.
11:48 of 1st period - Dustin Brown wins face-off versus Mike Fisher in Bruins zone.
12:02 of 1st period - Icing by Mike Fisher.
12:03 of 1st period - Brad Marchand wins face-off versus Mike Fisher in Panthers zone.
13:12 of 1st period - Shot by Nathan Horton.
13:12 of 1st period - Stopped by Marty Turco without a rebound.
13:13 of 1st period - Paul Gaustad wins face-off versus David Krejci in Panthers zone.
13:27 of 1st period - Rick Nash is hit by Craig Rivet and loses puck.
14:06 of 1st period - Icing by Mike Mottau.
14:07 of 1st period - Henrik Zetterberg wins face-off versus Frans Nielsen in Panthers zone.
14:10 of 1st period - Shot by Dustin Brown.
14:10 of 1st period - Stopped by Marty Turco without a rebound.
14:11 of 1st period - Henrik Zetterberg wins face-off versus Mike Fisher in Panthers zone.
14:11 of 1st period - Henrik Zetterberg is hit by Brad Stuart.
14:19 of 1st period - Shot by Henrik Zetterberg.
14:19 of 1st period - Stopped by Marty Turco with a rebound.
14:21 of 1st period - Shot by Dustin Brown.
14:21 of 1st period - Stopped by Marty Turco without a rebound.
14:22 of 1st period - Henrik Zetterberg wins face-off versus Paul Gaustad in Panthers zone.
14:25 of 1st period - Shot by Rich Peverley.
14:25 of 1st period - Shot Misses the Net.
14:51 of 1st period - Shot by Joel Ward.
14:51 of 1st period - Shot Misses the Net.
15:31 of 1st period - Brad Marchand is hit by Mike Fisher and loses puck.
16:09 of 1st period - Rick Nash is hit by Mike Fisher and loses puck.
16:52 of 1st period - Maxim Afinogenov is hit by Milan Lucic and loses puck.
17:16 of 1st period - Shot by Rich Peverley.
17:16 of 1st period - Stopped by Marty Turco without a rebound.
17:17 of 1st period - Brad Marchand wins face-off versus Frans Nielsen in Panthers zone.
17:42 of 1st period - Shot by Greg Zanon.
17:42 of 1st period - Stopped by Cam Ward without a rebound.
17:43 of 1st period - Paul Gaustad wins face-off versus Rich Peverley in Bruins zone.
19:26 of 1st period - Paul Gaustad is hit by Patrice Bergeron and loses puck.
19:45 of 1st period - Shot by Patrice Bergeron.
19:45 of 1st period - Shot Misses the Net.
19:49 of 1st period - Shot by Patrice Bergeron.
19:49 of 1st period - Shot Blocked by Marc-Andre Bergeron.
19:53 of 1st period - Shot by Chris Kelly.
19:53 of 1st period - Shot Misses the Net.

Period #2

0:01 of 2nd period - Mike Fisher wins face-off versus David Krejci in neutral zone.
0:12 of 2nd period - Shot by Rick Nash.
0:12 of 2nd period - Stopped by Marty Turco without a rebound.
0:13 of 2nd period - Frans Nielsen wins face-off versus Henrik Zetterberg in Panthers zone.
0:15 of 2nd period - Icing by Mike Mottau.
0:16 of 2nd period - Frans Nielsen wins face-off versus Henrik Zetterberg in Panthers zone.
0:28 of 2nd period - Minor Penalty to Toni Lydman for High sticking.
0:29 of 2nd period - Mike Fisher wins face-off versus Brad Marchand in Bruins zone.
2:38 of 2nd period - Shot by Paul Gaustad.
2:38 of 2nd period - Stopped by Cam Ward without a rebound.
2:39 of 2nd period - Chad Larose wins face-off versus Brad Marchand in Bruins zone.
3:47 of 2nd period - Shot by Dustin Brown.
3:47 of 2nd period - Stopped by Marty Turco with a rebound.
4:10 of 2nd period - Icing by Jordan Leopold.
4:11 of 2nd period - Mike Fisher wins face-off versus Chris Kelly in Bruins zone.
4:22 of 2nd period - Shot by Mike Fisher.
4:22 of 2nd period - Stopped by Cam Ward without a rebound.
4:23 of 2nd period - Chris Kelly wins face-off versus Frans Nielsen in Bruins zone.
4:23 of 2nd period - Jordan Leopold is hit by Frans Nielsen.
4:43 of 2nd period - Shot by Andrew Brunette.
4:43 of 2nd period - Stopped by Cam Ward without a rebound.
4:44 of 2nd period - Maxim Afinogenov wins face-off versus David Krejci in Bruins zone.
4:44 of 2nd period - Maxim Afinogenov is hit by Zdeno Chara.
4:54 of 2nd period - Shot by Nathan Horton.
4:54 of 2nd period - Shot Misses the Net.
5:12 of 2nd period - Christopher Higgins is hit by Rick Nash.
5:49 of 2nd period - Dustin Brown is hit by Greg Zanon and loses puck.
5:53 of 2nd period - Icing by Greg Zanon.
5:54 of 2nd period - Frans Nielsen wins face-off versus Chris Kelly in Panthers zone.
6:12 of 2nd period - Frans Nielsen is hit by Toni Lydman and loses puck.
6:18 of 2nd period - Off-side.
6:19 of 2nd period - Mike Fisher wins face-off versus Henrik Zetterberg in neutral zone.
6:22 of 2nd period - Shot by Ryan Smyth.
6:22 of 2nd period - Shot Misses the Net.
6:26 of 2nd period - Shot by Ryan Smyth.
6:26 of 2nd period - Deflect By Mike Fisher.
6:26 of 2nd period - Shot Misses the Net.
6:28 of 2nd period - Shot by Mike Fisher.
6:28 of 2nd period - Shot Misses the Net.
6:30 of 2nd period - Shot by Maxim Afinogenov.
6:30 of 2nd period - Stopped by Cam Ward without a rebound.
6:31 of 2nd period - Brad Marchand wins face-off versus Mike Fisher in Bruins zone.
6:36 of 2nd period - Shot by Dustin Brown.
6:36 of 2nd period - Stopped by Marty Turco with a rebound.
6:57 of 2nd period - Minor Penalty to Dustin Brown for Hooking.
6:58 of 2nd period - Brad Marchand wins face-off versus Frans Nielsen in Bruins zone.
7:13 of 2nd period - Shot by Brian Rafalski.
7:13 of 2nd period - Shot Hit the Post.
7:15 of 2nd period - Shot by Brian Rafalski.
7:15 of 2nd period - Shot Misses the Net.
7:17 of 2nd period - Shot by Brian Rafalski.
7:17 of 2nd period - Shot Blocked by Toni Lydman.
7:19 of 2nd period - Shot by Frans Nielsen.
7:19 of 2nd period - Shot Misses the Net.
7:23 of 2nd period - Shot by Andrew Brunette.
7:23 of 2nd period - Stopped by Cam Ward without a rebound.
7:24 of 2nd period - Brad Marchand wins face-off versus Mike Fisher in Bruins zone.
7:34 of 2nd period - Shot by Craig Rivet.
7:34 of 2nd period - Shot Misses the Net.
7:36 of 2nd period - Shot by Craig Rivet.
7:36 of 2nd period - Shot Misses the Net.
7:38 of 2nd period - Shot by Ryan Smyth.
7:38 of 2nd period - Stopped by Cam Ward without a rebound.
7:39 of 2nd period - Frans Nielsen wins face-off versus Brad Marchand in Bruins zone.
7:56 of 2nd period - Shot by Brian Rafalski.
7:56 of 2nd period - Stopped by Cam Ward without a rebound.
7:57 of 2nd period - Mike Fisher wins face-off versus Brad Marchand in Bruins zone.
9:03 of 2nd period - Icing by Chad Larose.
9:04 of 2nd period - Henrik Zetterberg wins face-off versus Paul Gaustad in Panthers zone.
9:05 of 2nd period - Shot by Dustin Brown.
9:05 of 2nd period - Shot Misses the Net.
9:09 of 2nd period - Shot by Dustin Brown.
9:09 of 2nd period - Shot Blocked by Mike Mottau.
9:13 of 2nd period - Shot by Rich Peverley.
9:13 of 2nd period - Goal by Rich Peverley - Panthers : 0 - Bruins : 2.
9:14 of 2nd period - Chris Kelly wins face-off versus Paul Gaustad in neutral zone.
9:14 of 2nd period - Minor Penalty to Paul Gaustad for Tripping.
9:15 of 2nd period - Frans Nielsen wins face-off versus David Krejci in Panthers zone.
9:15 of 2nd period - Frans Nielsen is hit by Dustin Brown.
9:36 of 2nd period - Minor Penalty to Greg Zanon for Hooking.
9:37 of 2nd period - Frans Nielsen wins face-off versus Henrik Zetterberg in Panthers zone.
10:02 of 2nd period - Shot by Henrik Zetterberg.
10:02 of 2nd period - Shot Misses the Net.
10:06 of 2nd period - Shot by Nathan Horton.
10:06 of 2nd period - Stopped by Marty Turco without a rebound.
10:07 of 2nd period - David Krejci wins face-off versus Frans Nielsen in Panthers zone.
10:16 of 2nd period - Shot by Jordan Leopold.
10:16 of 2nd period - Deflect By Rich Peverley.
10:16 of 2nd period - Shot Misses the Net.
10:20 of 2nd period - Shot by Dustin Brown.
10:20 of 2nd period - Shot Misses the Net.
11:05 of 2nd period - Shot by Nathan Horton.
11:05 of 2nd period - Goal by Nathan Horton - Panthers : 0 - Bruins : 3.
11:06 of 2nd period - Frans Nielsen wins face-off versus Henrik Zetterberg in neutral zone.
11:57 of 2nd period - Minor Penalty to Toni Lydman for Boarding.
11:58 of 2nd period - Brad Marchand wins face-off versus Mike Fisher in Bruins zone.
13:03 of 2nd period - Shot by Brian Rafalski.
13:03 of 2nd period - Shot Blocked by Chris Kelly.
13:07 of 2nd period - Shot by Mike Mottau.
13:07 of 2nd period - Shot Blocked by Dan Hamhuis.
13:43 of 2nd period - Icing by Claude Giroux.
13:44 of 2nd period - Brad Marchand wins face-off versus Paul Gaustad in Panthers zone.
14:04 of 2nd period - Off-side.
14:05 of 2nd period - Mark Recchi wins face-off versus Paul Gaustad in neutral zone.
15:56 of 2nd period - Shot by Frans Nielsen.
15:56 of 2nd period - Stopped by Cam Ward without a rebound.
15:57 of 2nd period - Andrew Brunette wins face-off versus Chris Kelly in Bruins zone.
16:09 of 2nd period - Icing by Jordan Leopold.
16:10 of 2nd period - Chris Kelly wins face-off versus Frans Nielsen in Bruins zone.
16:27 of 2nd period - Shot by Andrew Brunette.
16:27 of 2nd period - Stopped by Cam Ward with a rebound.
17:19 of 2nd period - Off-side.
17:20 of 2nd period - Henrik Zetterberg wins face-off versus Blake Wheeler in neutral zone.
18:07 of 2nd period - Brad Stuart is hit by Nathan Horton and loses puck.
18:14 of 2nd period - Shot by Nathan Horton.
18:14 of 2nd period - Stopped by Marty Turco without a rebound.
18:15 of 2nd period - Milan Lucic wins face-off versus Frans Nielsen in Panthers zone.
18:26 of 2nd period - Shot by Milan Lucic.
18:26 of 2nd period - Goal by Milan Lucic - Panthers : 0 - Bruins : 4.
18:27 of 2nd period - Mike Fisher wins face-off versus David Krejci in neutral zone.
18:42 of 2nd period - Shot by Ryan Smyth.
18:42 of 2nd period - Deflect By Mike Fisher.
18:42 of 2nd period - Stopped by Cam Ward with a rebound.
19:15 of 2nd period - Off-side.
19:16 of 2nd period - Paul Gaustad wins face-off versus Dustin Brown in neutral zone.
19:25 of 2nd period - Shot by Henrik Zetterberg.
19:25 of 2nd period - Stopped by Marty Turco without a rebound.
19:26 of 2nd period - Chris Kelly wins face-off versus Paul Gaustad in Panthers zone.
19:26 of 2nd period - David Krejci is hit by Craig Rivet and loses puck.

Period #3

0:01 of 3rd period - Mike Fisher wins face-off versus David Krejci in neutral zone.
0:44 of 3rd period - Shot by Nathan Horton.
0:44 of 3rd period - Stopped by Marty Turco without a rebound.
0:45 of 3rd period - Frans Nielsen wins face-off versus Henrik Zetterberg in Panthers zone.
0:58 of 3rd period - Shot by Claude Giroux.
0:58 of 3rd period - Stopped by Cam Ward without a rebound.
0:59 of 3rd period - Paul Gaustad wins face-off versus Chris Kelly in Bruins zone.
1:04 of 3rd period - Shot by Christopher Higgins.
1:04 of 3rd period - Deflect By Blake Wheeler.
1:04 of 3rd period - Shot Misses the Net.
1:08 of 3rd period - Shot by Blake Wheeler.
1:08 of 3rd period - Shot Misses the Net.
1:10 of 3rd period - Shot by Christopher Higgins.
1:10 of 3rd period - Shot Misses the Net.
1:49 of 3rd period - Shot by Claude Giroux.
1:49 of 3rd period - Shot Misses the Net.
1:51 of 3rd period - Shot by Mike Mottau.
1:51 of 3rd period - Shot Misses the Net.
1:55 of 3rd period - Shot by Andrew Brunette.
1:55 of 3rd period - Stopped by Cam Ward with a rebound.
2:15 of 3rd period - Shot by Claude Giroux.
2:15 of 3rd period - Shot Misses the Net.
2:45 of 3rd period - Shot by Ryan Smyth.
2:45 of 3rd period - Stopped by Cam Ward without a rebound.
2:46 of 3rd period - Paul Gaustad wins face-off versus Henrik Zetterberg in Bruins zone.
3:05 of 3rd period - Shot by Paul Gaustad.
3:05 of 3rd period - Deflect By Chad Larose.
3:05 of 3rd period - Stopped by Cam Ward without a rebound.
3:06 of 3rd period - Dustin Brown wins face-off versus Mike Fisher in Bruins zone.
3:34 of 3rd period - Icing by Dustin Brown.
3:35 of 3rd period - Dustin Brown wins face-off versus Paul Gaustad in Bruins zone.
3:43 of 3rd period - Off-side.
3:44 of 3rd period - Frans Nielsen wins face-off versus Nathan Horton in neutral zone.
4:07 of 3rd period - Shot by Frans Nielsen.
4:07 of 3rd period - Shot Misses the Net.
5:06 of 3rd period - Minor Penalty to Paul Gaustad for Holding.
5:07 of 3rd period - Mike Fisher wins face-off versus David Krejci in Panthers zone.
5:25 of 3rd period - Icing by Rich Peverley.
5:26 of 3rd period - Mike Fisher wins face-off versus David Krejci in Bruins zone.
5:39 of 3rd period - Shot by Dennis Seidenberg.
5:39 of 3rd period - Stopped by Marty Turco without a rebound.
5:40 of 3rd period - Mike Fisher wins face-off versus Henrik Zetterberg in Panthers zone.
5:40 of 3rd period - Mike Fisher is hit by Nathan Horton.
6:59 of 3rd period - Joel Ward is hit by Dustin Brown and loses puck.
7:30 of 3rd period - Shot by Paul Gaustad.
7:30 of 3rd period - Shot Misses the Net.
7:32 of 3rd period - Shot by Paul Gaustad.
7:32 of 3rd period - Shot Misses the Net.
7:34 of 3rd period - Shot by Paul Gaustad.
7:34 of 3rd period - Stopped by Cam Ward without a rebound.
7:35 of 3rd period - Frans Nielsen wins face-off versus Chris Kelly in Bruins zone.
7:42 of 3rd period - Shot by Claude Giroux.
7:42 of 3rd period - Deflect By Andrew Brunette.
7:42 of 3rd period - Stopped by Cam Ward without a rebound.
7:43 of 3rd period - Rich Peverley wins face-off versus Mike Fisher in Bruins zone.
8:30 of 3rd period - Off-side.
8:31 of 3rd period - David Krejci wins face-off versus Paul Gaustad in neutral zone.
8:41 of 3rd period - Nathan Horton is hit by Craig Rivet and loses puck.
8:45 of 3rd period - Icing by Craig Rivet.
8:46 of 3rd period - Paul Gaustad wins face-off versus Chris Kelly in Panthers zone.
9:17 of 3rd period - Dan Hamhuis is hit by Christopher Higgins and loses puck.
9:31 of 3rd period - Dan Hamhuis is hit by Greg Zanon and loses puck.
9:54 of 3rd period - Off-side.
9:55 of 3rd period - Henrik Zetterberg wins face-off versus Mike Fisher in neutral zone.
10:38 of 3rd period - Mike Fisher is hit by Toni Lydman and loses puck.
10:54 of 3rd period - Icing by Mike Mottau.
10:55 of 3rd period - David Krejci wins face-off versus Frans Nielsen in Panthers zone.
11:04 of 3rd period - Shot by Andrew Brunette.
11:04 of 3rd period - Shot Blocked by Zdeno Chara.
11:15 of 3rd period - Frans Nielsen is hit by Zdeno Chara and loses puck.
11:47 of 3rd period - Off-side.
11:48 of 3rd period - Chris Kelly wins face-off versus Blake Wheeler in neutral zone.
12:03 of 3rd period - Shot by Blake Wheeler.
12:03 of 3rd period - Shot Misses the Net.
12:17 of 3rd period - Shot by Blake Wheeler.
12:17 of 3rd period - Shot Misses the Net.
12:19 of 3rd period - Shot by Marc-Andre Bergeron.
12:19 of 3rd period - Shot Misses the Net.
12:28 of 3rd period - Minor Penalty to Brad Stuart for Boarding.
12:29 of 3rd period - Mike Fisher wins face-off versus Rich Peverley in Panthers zone.
13:24 of 3rd period - Craig Rivet is hit by Henrik Zetterberg and loses puck.
14:31 of 3rd period - Maxim Afinogenov is hit by Zdeno Chara and loses puck.
14:34 of 3rd period - Shot by Paul Gaustad.
14:34 of 3rd period - Stopped by Cam Ward without a rebound.
14:35 of 3rd period - Paul Gaustad wins face-off versus Brad Marchand in Bruins zone.
15:34 of 3rd period - Shot by Dustin Brown.
15:34 of 3rd period - Stopped by Marty Turco without a rebound.
15:35 of 3rd period - Frans Nielsen wins face-off versus Chris Kelly in Panthers zone.
16:05 of 3rd period - Off-side.
16:06 of 3rd period - Mike Fisher wins face-off versus Henrik Zetterberg in neutral zone.
16:21 of 3rd period - Maxim Afinogenov is hit by Toni Lydman and loses puck.
16:37 of 3rd period - Icing by Brian Rafalski.
16:38 of 3rd period - David Krejci wins face-off versus Mike Fisher in Panthers zone.
16:49 of 3rd period - Dan Hamhuis is hit by Mike Fisher and loses puck.
16:58 of 3rd period - Shot by Nathan Horton.
16:58 of 3rd period - Shot Blocked by Brian Rafalski.
17:02 of 3rd period - Shot by David Krejci.
17:02 of 3rd period - Shot Misses the Net.
17:04 of 3rd period - Shot by Zdeno Chara.
17:04 of 3rd period - Shot Misses the Net.
17:55 of 3rd period - Shot by Blake Wheeler.
17:55 of 3rd period - Stopped by Cam Ward without a rebound.
17:56 of 3rd period - Paul Gaustad wins face-off versus Henrik Zetterberg in Bruins zone.
19:21 of 3rd period - Shot by Rick Nash.
19:21 of 3rd period - Shot Blocked by Craig Rivet.
19:25 of 3rd period - Shot by Rick Nash.
19:25 of 3rd period - Stopped by Marty Turco with a rebound.
19:27 of 3rd period - Shot by Rick Nash.
19:27 of 3rd period - Stopped by Marty Turco with a rebound.
19:29 of 3rd period - Shot by Rick Nash.
19:29 of 3rd period - Shot Misses the Net.
19:46 of 3rd period - Off-side.
19:47 of 3rd period - Chris Kelly wins face-off versus Frans Nielsen in neutral zone.


Output by the SimonT Hockey Simulator (STHS) for Stephane Roy -- Original Page W3C XHTML 1.0 Valid